 Dungeon Crawl Stone Soup version 0.30.0-11-gf55b779eaf (webtiles) character file.

Game seed: 8929386818071381841

451 Cheops the Slasher (level 6, -10/36 HPs)
             Began as a Deep Elf Fighter on May 16, 2023.
             Was an Initiate of Sif Muna.
             Mangled by an ice beast (13 damage)
             ... on level 5 of the Dungeon.
             The game lasted 00:11:39 (4970 turns).

Cheops the Slasher (Deep Elf Fighter)               Turns: 4970, Time: 00:11:39

Health: -10/36     AC:  7    Str: 13    XL:     6   Next: 75%
Magic:  21/21      EV:  8    Int: 15    God:    Sif Muna [......]
Gold:   241        SH:  4    Dex: 14    Spells: 11/11 levels left

rFire   + . .        a - +0 long sword
rCold   . . .        c - +0 buckler
rNeg    . . .        l - +0 scale mail
rPois   .            (no helmet)
rElec   .            g - +0 cloak
rCorr   .            (no gloves)
SInv    .            (no boots)
Will    .....        z - amulet of faith Stlth
                     w - ring of magical power
HPRegen 0.26/turn    e - ring of protection from fire
MPRegen 0.17/turn

%: faith
@: no status effects
A: no striking features
a: Renounce Religion


You were on level 5 of the Dungeon.
You worshipped Sif Muna.
Sif Muna was noncommittal.
You visited 1 branch of the dungeon, and saw 5 of its levels.

You collected 241 gold pieces.

Inventory:

Hand Weapons
 a - a +0 long sword (weapon)
 b - a +3 dagger
 y - the +5 morningstar of Caeq {freeze, Dex+6 Stlth+}
   (You found it on level 4 of the Dungeon)

   Dex:       It affects your dexterity (+6).
   Stlth:     It makes you more stealthy.
Armour
 c - a +0 buckler (worn)
 g - a +0 cloak (worn)
 l - a +0 scale mail (worn)
 r - a +0 chain mail
Jewellery
 e - a ring of protection from fire (right hand)
 i - a +6 ring of dexterity
 w - a ring of magical power (left hand)
 z - an amulet of faith (around neck)
Wands
 A - a wand of iceblast (7)
Scrolls
 d - 2 scrolls of fog {unknown}
 f - a scroll of amnesia {unknown}
 j - a scroll of vulnerability {unknown}
 m - a scroll of acquirement {unknown}
 p - a scroll of silence {unknown}
 x - 2 scrolls of teleportation {unknown}
Potions
 h - 2 potions of resistance
 k - 4 potions of curing {unknown}
 n - a potion of attraction {unknown}
 o - a potion of lignification {unknown}
 q - a potion of heal wounds {unknown}
 s - a potion of mutation {unknown}
 t - a potion of brilliance {unknown}
 v - a potion of invisibility {unknown}


   Skills:
 - Level 2.4 Fighting
 + Level 5.9 Long Blades
 - Level 2.4 Armour
 - Level 2.4 Shields
 - Level 3.2 Spellcasting
 - Level 2.0 Evocations


You had 11 spell levels left.
You didn't know any spells.
Your spell library contained the following spells:

 Spells                   Type           Power      Damage    Failure   Level
 Blink                    Tloc           4%         N/A       88%         2
 Lesser Beckoning         Tloc           4%         N/A       88%         2
 Momentum Strike          Conj/Tloc      4%         3d8       88%         2
 Hailstorm                Conj/Ice       2%         3d3       98%         3
 Ice Form                 Ice/Tmut       2%         N/A       100%        4
 Petrify                  Tmut/Erth      2%         N/A       100%        4
 Metabolic Englaciation   Hex/Ice        1%         N/A       100%        5
 Summon Forest            Summ/Tloc      1%         N/A       100%        5
 Eringya's Noxious Bog    Tmut/Pois      1%         N/A       100%        6
 Simulacrum               Ice/Necr       1%         N/A       100%        6
 Statue Form              Tmut/Erth      1%         N/A       100%        6
 Summon Hydra             Summ           1%         N/A       100%        7


Dungeon Overview and Level Annotations

Branches:
Dungeon (5/15)
 Temple: D:4-7

Altars:
Okawaru
Sif Muna

Annotations:
D:2 1 runed translucent door, Crazy Yiuf


Message History

You kill the hound!
Sif Muna accepts your kill.
You swing at nothing.
You start resting.
HP restored.
A - a wand of iceblast (7)
An ice beast and a phantom come into view.
The ice beast hits you but does no damage.
Aiming: Throw Flame
Press: ? - help, Shift-Dir - straight line, f - phantom
Aim: a phantom (60% to hit)
The puff of flame hits the ice beast!
The ice beast melts!
The ice beast is moderately wounded.
The ice beast hits you but does no damage.
Aiming: Throw Flame
Press: ? - help, Shift-Dir - straight line, f/p - phantom
Aim: a phantom (60% to hit)
The puff of flame hits the ice beast but does no damage.
The ice beast is moderately wounded.
The ice beast hits you. The ice beast freezes you.
Aiming: Throw Flame
Press: ? - help, Shift-Dir - straight line, f/p - phantom
Aim: a phantom (60% to hit)
The puff of flame hits the ice beast.
The ice beast is moderately wounded.
The now-empty wand crumbles to dust.
The ice beast hits you. The ice beast freezes you!
* * * LOW HITPOINT WARNING * * *
You hit the ice beast.
The ice beast is heavily wounded.
The ice beast hits you.
* * * LOW HITPOINT WARNING * * *
The ice beast freezes you!
* * * LOW HITPOINT WARNING * * *
You barely miss the ice beast.
The ice beast is heavily wounded.
The ice beast hits you.
* * * LOW HITPOINT WARNING * * *
The ice beast freezes you!
You die...

.# ..# .#
.. ### .#..
..####.#.
#.##.... ..
#.##.#.#..$
#.##.#.#.#
#WY@.....#
####.#.#.#.
##.........
#.....#...#
##<..####.#
##.## # #.#
#.# #.#


You could see an ice beast and a phantom.

Vanquished Creatures
  A phantom (D:4)
  A scorpion (D:4)
  A hound (D:5)
  A jelly (D:4)
  Jessica (D:2)
  An iguana (D:4)
  A mummy (D:4)
  4 gnolls
  8 adders
  A dart slug (D:4)
  3 orcs (D:4)
  7 ball pythons
  2 bats
  4 endoplasms
  3 giant cockroaches
  9 goblins
  9 hobgoblins
  10 quokkas
  2 goblin zombies (D:4)
  6 kobolds
  7 rats
82 creatures vanquished.

Notes
Turn   | Place    | Note
-------+----------+-------------------------------------------
     0 | D:1      | Cheops the Deep Elf Fighter began the quest for the Orb.
     0 | D:1      | Reached XP level 1. HP: 13/13 MP: 3/3
   108 | D:1      | Reached skill level 2 in Long Blades
   242 | D:1      | Reached XP level 2. HP: 15/18 MP: 4/4
   440 | D:1      | Reached skill level 3 in Long Blades
   618 | D:1      | Reached XP level 3. HP: 22/22 MP: 5/5
  1551 | D:2      | Reached XP level 4. HP: 24/27 MP: 6/6
  1569 | D:2      | Reached skill level 4 in Long Blades
  1679 | D:2      | Noticed Jessica
  1696 | D:2      | Killed Jessica
  1975 | D:2      | Found a runed translucent door.
  1976 | D:2      | Noticed Crazy Yiuf
  2255 | D:3      | Found a faded altar of an unknown god.
  2530 | D:3      | Reached XP level 5. HP: 12/31 MP: 7/7
  2697 | D:3      | Reached skill level 5 in Long Blades
  3119 | D:3      | Identified the +2 war axe of Qyoxaum {elec, Fragile Str+4}
  3248 | D:3      | Reached skill level 1 in Evocations
  3845 | D:4      | Found a shimmering blue altar of Sif Muna.
  3852 | D:4      | Noticed a phantom
  4023 | D:4      | Killed a phantom
  4024 | D:4      | Reached XP level 6. HP: 19/36 MP: 12/12
  4121 | D:4      | Identified the +5 morningstar of Caeq {freeze, Dex+6
                  | Stlth+}
  4135 | D:4      | Became a worshipper of Sif Muna the Loreminder
  4729 | D:4      | Found an iron altar of Okawaru.
  4836 | D:5      | Entered Level 5 of the Dungeon
  4962 | D:5      | Noticed an ice beast
  4970 | D:5      | Mangled by an ice beast

Illustrated notes

Levels and vault maps discovered:
D:1:      dpeg_arrival_orchard, layout_loops_corners,
          hangedman_decor_clover_reticule, minivault_24, nicolae_grassy_gnolls
D:2:      layout_basic, minmay_between, uniq_crazy_yiuf_cottage, uniq_jessica
D:3:      cheibrodos_helix_gallery, layout_basic,
          hellmonk_ecumenical_altar_heavens_door, serial_forest,
          infiniplex_forest_straight_2, infiniplex_forest_fountain,
          infiniplex_forest_pool, infiniplex_forest_end_2,
          infiniplex_forest_lined_3_way, infiniplex_forest_zigzag_2
D:4:      layout_rooms, mainiacjoe_overflow_catch_the_wave,
          nicolae_ossuary_entry_giza, grunt_ministairs_11, minmay_vboxes
D:5:      minmay_angry_zag, layout_loops_ring, minmay_circle_x

Skill      XL: |  1  2  3  4  5 |
---------------+----------------+-----
Long Blades    | 2 3 4 5 |  5.9
Evocations     | 2 |  2.0
Spellcasting   | 3 |  3.2
Fighting       | |  2.4
Armour         | |  2.4
Shields        | |  2.4

Action                     |  1- 3 |  4- 6 || total
---------------------------+-------+-------++-------
  Melee: Long sword        |    98 |   337 ||   435
  Evoke: Wand              |       |     5 ||     5
    Use: Potion            |     3 |       ||     3
 Armour: Scale mail        |    38 |    64 ||   102
  Dodge: Dodged            |    36 |    75 ||   111
  Block: Buckler           |    32 |    40 ||    72
